 Dungeon Crawl Stone Soup version 0.28.0-1-gb440e238dd (webtiles) character file.

Game seed: 16904778760735983034

238 hikkokomori the Digger (level 6, -8/32 HPs)
             Began as a Gargoyle Earth Elementalist on Feb 21, 2022.
             Blown up by Ijyb (20 damage)
             ... with a mindburst bolt
             ... on level 3 of the Dungeon.
             The game lasted 00:06:46 (3602 turns).

hikkokomori the Digger (GrEE)                       Turns: 3602, Time: 00:06:47

Health: -8/32      AC: 10    Str: 11    XL:     6   Next: 7%
Magic:  6/10       EV: 10    Int: 18    God:
Gold:   97         SH:  0    Dex: 10    Spells: 7/11 levels left

rFire   . . .      SeeInvis .   g - +2 dagger (flame)
rCold   + . .      Faith    .   (no shield)
rNeg    + . .      Spirit   .   f - +1 ring mail {rC+}
rPois   ∞          Reflect  .   (no helmet)
rElec   +          Harm     .   (no cloak)
rCorr   +          Rampage  .   (no gloves)
Will    .....                   (no boots)
Stlth   +.........              (no amulet)
HPRegen 0.10/turn               a - ring of resist corrosion
MPRegen 0.12/turn               (no ring)

@: no status effects
A: sickness immunity, AC +4, negative energy resistance 1, electricity
resistance, torment resistance 1, petrification resistance
a: no special abilities


You were on level 3 of the Dungeon.
You visited 1 branch of the dungeon, and saw 3 of its levels.

You collected 97 gold pieces.

Inventory:

Hand Weapons
 d - a +2 dagger of pain
 e - a +0 rapier
 g - a +2 dagger of flaming (weapon)
Missiles
 c - 8 stones
Armour
 b - a +0 robe
 f - a +1 ring mail of cold resistance (worn)
Jewellery
 a - a ring of resist corrosion (left hand)
Wands
 h - a wand of paralysis (13)
Scrolls
 j - a scroll of summoning {unknown}
Potions
 i - a potion of curing {unknown}
 k - a potion of might {unknown}


   Skills:
 + Level 2.5 Armour
 - Level 1.9 Dodging
 - Level 3.4 Stealth
 + Level 3.3 Spellcasting
 - Level 1.2 Transmutations
 + Level 5.0 Earth Magic


You had 7 spell levels left.
You knew the following spells:

 Your Spells              Type           Power      Damage    Failure   Level
a - Sandblast             Erth           42%        2d11      4%          1
b - Stone Arrow           Conj/Erth      24%        3d8       36%         3

Your spell library contained the following spells:

 Spells                   Type           Power      Damage    Failure   Level
 Passwall                 Tmut/Erth      11%        N/A       16%         2
 Static Discharge         Conj/Air       2%         N/A       50%         2
 Petrify                  Tmut/Erth      14%        N/A       69%         4
 Lightning Bolt           Conj/Air       1%         1d12      100%        5
 Maxwell's Capacitive Co  Air            1%         ∞         100%        8


Dungeon Overview and Level Annotations

Branches:
Dungeon (3/15)

Altars:

Annotations:
D:3 Ijyb


Innate Abilities, Weirdness & Mutations

You are immune to sickness and miasma.
Your stone body is resilient. (AC +4)
You are immune to poison.
You resist negative energy. (rN+)
You are resistant to electric shocks. (rElec)
You are resistant to unholy torment.
You are immune to petrification.


Message History

You kill the ball python!
You closely miss Ijyb. Ijyb hits you with a +0 club.
Casting: Sandblast (safe; 4% risk of failure)
Confirm with . or Enter, or press ? or * to list all spells.
Aiming: Sandblast (safe; 4% risk of failure)
Press: ? - help, Shift-Dir - straight line, f - Ijyb
Aim: Ijyb, wielding a +0 club, wearing a +0 chain mail and carrying a wand of mindburst (12) (81% to hit)
The blast of sand hits Ijyb.
Ijyb is lightly wounded.
Ijyb closely misses you.
Casting: Sandblast (safe; 4% risk of failure)
Confirm with . or Enter, or press ? or * to list all spells.
Aiming: Sandblast (safe; 4% risk of failure)
Press: ? - help, Shift-Dir - straight line, f/p - Ijyb
Aim: Ijyb, wielding a +0 club, wearing a +0 chain mail and carrying a wand of mindburst (12) (lightly wounded, 81% to hit)
The blast of sand hits Ijyb but does no damage.
Ijyb is lightly wounded.
Ijyb zaps a wand.
Your mind is blasted!
Ouch! That really hurt!
Casting: Sandblast (safe; 4% risk of failure)
Confirm with . or Enter, or press ? or * to list all spells.
Aiming: Sandblast (safe; 4% risk of failure)
Press: ? - help, Shift-Dir - straight line, f/p - Ijyb
Aim: Ijyb, wielding a +0 club, wearing a +0 chain mail and carrying a wand of mindburst (11) (lightly wounded, 81% to hit)
The blast of sand hits Ijyb.
Ijyb is lightly wounded.
Ijyb barely misses you.
As you read the scroll labelled HOSHEN YMIU, it crumbles to dust.
Your body is wracked with pain!
Ijyb convulses!
The orc convulses! x2
It was a scroll of torment.
Ijyb barely misses you.
Casting: Sandblast (safe; 4% risk of failure)
Confirm with . or Enter, or press ? or * to list all spells.
Aiming: Sandblast (safe; 4% risk of failure)
Press: ? - help, Shift-Dir - straight line, f/p - Ijyb
Aim: Ijyb, wielding a +0 club, wearing a +0 chain mail and carrying a wand of mindburst (11) (heavily wounded, 81% to hit)
The blast of sand hits Ijyb but does no damage.
Ijyb is heavily wounded.
Ijyb zaps a wand.
Your mind is blasted!
Ouch! That really hurt!
You die...

### ## #.. .#
###.#########.#### ##
#>........##.....# . .
#.........##.<...# ..#.
##.........##.....#
..#.##..........##.....#
.........†..[...@go....#
..#.#...........##o....#
......############.....#
.......# #.....#
.......### #.....#
...#.....# .... ##.##...
$.....##.#8.....8 .#
.#.. .........#.......
.. ... .......†.#8..?..8


You could see Ijyb and 2 orcs.

Vanquished Creatures
  A sky beast (D:3)
  A hound (D:2)
  Robin (D:2)
  An adder (D:2)
  3 worms (D:2)
  A dart slug (D:3)
  An orc (D:3)
  5 ball pythons
  6 endoplasms
  4 giant cockroaches
  16 goblins
  11 hobgoblins
  5 jackals
  3 quokkas
  6 bats
  5 frilled lizards
  4 kobolds
  7 rats
81 creatures vanquished.

Notes
Turn   | Place    | Note
-------+----------+-------------------------------------------
     0 | D:1      | hikkokomori the Gargoyle Earth Elementalist began the quest
                  | for the Orb.
     0 | D:1      | Reached XP level 1. HP: 10/10 MP: 3/3
   221 | D:1      | Reached skill level 1 in Transmutations
   221 | D:1      | Reached XP level 2. HP: 5/15 MP: 3/5
   834 | D:1      | Reached XP level 3. HP: 19/19 MP: 4/6
  1118 | D:1      | Reached skill level 4 in Earth Magic
  1893 | D:2      | Noticed Robin
  2101 | D:2      | Reached XP level 4. HP: 24/24 MP: 1/7
  2115 | D:2      | Killed Robin
  2377 | D:2      | Reached skill level 1 in Armour
  2820 | D:2      | Reached XP level 5. HP: 28/28 MP: 7/9
  3370 | D:2      | Learned a level 3 spell: Stone Arrow
  3422 | D:3      | Noticed Ijyb
  3552 | D:3      | Noticed a sky beast
  3558 | D:3      | Killed a sky beast
  3559 | D:3      | Reached skill level 5 in Earth Magic
  3559 | D:3      | Reached XP level 6. HP: 32/32 MP: 5/10
  3602 | D:3      | Blown up by Ijyb

Illustrated notes

Levels and vault maps discovered:
D:1:      minmay_arrival_stone_box, layout_basic
D:2:      layout_loops_ring, serial_park_tiny_2, uniq_robin
D:3:      kennysheep_the_goblin_king, layout_rooms, lemuel_tele_altar,
          hangedman_abyss_or_decor_stabs

Skill      XL: |  1  2  3  4  5 |
---------------+----------------+-----
Transmutations | 1 |  1.2
Earth Magic    | 4 5 |  5.0
Stealth        | 3 |  3.4
Armour         | 1 2 |  2.5
Spellcasting   | 3 |  3.3
Dodging        | |  1.9

Action                   |  1- 3 |  4- 6 || total
-------------------------+-------+-------++-------
Melee: Unarmed           |    11 |       ||    11
       Dagger            |    57 |    97 ||   154
 Cast: Sandblast         |    38 |    26 ||    64
  Use: Scroll            |       |     1 ||     1
 Stab: Sleeping          |     2 |     1 ||     3
Armor: Robe              |    18 |       ||    18
       Ring mail         |    21 |    44 ||    65
Dodge: Dodged            |    69 |    38 ||   107
